 Dungeon Crawl Stone Soup version 0.25-a0-62-g88673ef095 (webtiles) character file.

Game seed: 12832487984908053185, levelgen mode: deterministic

509 MrRokkomies the Sneak (level 6, 0/30 HPs)
             Began as a Spriggan Assassin on Oct 31, 2019.
             Splashed by a jelly's acid (9 damage)
             ... on level 5 of the Dungeon.
             The game lasted 00:06:27 (4135 turns).

MrRokkomies the Sneak (Spriggan Assassin)           Turns: 4135, Time: 00:06:27

Health: 0/30       AC: -2    Str:  9    XL:     6   Next: 98%
Magic:  7/7        EV: 17    Int: 12    God:
Gold:   188        SH:  0    Dex: 18    Spells: 5/5 levels left

rFire    . . .     SeeInvis +   a - +3 dagger
rCold    . . .     Gourm    .   (shield restricted)
rNeg     . . .     Faith    .   b - +1 robe
rPois    .         Spirit   .   (helmet restricted)
rElec    .         Reflect  .   n - +2 cloak
rCorr    .         Harm     .   (gloves unavailable)
MR       +....                  (boots unavailable)
Stlth    ++++......             (no amulet)
HPRegen  0.10/turn              (no ring)
MPRegen  0.10/turn              (no ring)

@: corroded, very quick
A: very small, unfitting armour, see invisible, herbivore, speed 3, slow
metabolism 2
a: no special abilities


You were on level 5 of the Dungeon.
You were hungry.

You visited 1 branch of the dungeon, and saw 5 of its levels.

You collected 188 gold pieces.

Inventory:

Hand Weapons
 a - a +3 dagger (weapon)
Missiles
 d - 18 poisoned darts (quivered)
 e - a curare-tipped dart
Armour
 b - a +1 robe (worn)
 n - a +2 cloak (worn)
Scrolls
 g - 2 scrolls of remove curse
 h - 2 scrolls of immolation
 o - a scroll of teleportation {unknown}
 q - a scroll of enchant weapon
Potions
 c - a potion of brilliance
 i - a potion of cancellation
 j - 3 potions of curing
 k - a potion of ambrosia
 l - a potion of agility
 m - a potion of haste {unknown}
 p - a potion of heal wounds {unknown}
Comestibles
 f - 10 rations


   Skills:
 - Level 1.5 Fighting
 * Level 5.4 Short Blades
 * Level 5.0 Throwing
 - Level 1.5 Dodging
 + Level 7.8 Stealth


You had 5 spell levels left.
You didn't know any spells.
Your spell library was empty.

Dungeon Overview and Level Annotations

Branches:
Dungeon (5/15)
 Temple: D:4-7

Altars:
Ashenzari
Fedhas
Gozag
Makhleb
Nemelex Xobeh
Uskayaw
Vehumet
Yredelemnul
The Shining One


Innate Abilities, Weirdness & Mutations

You are very small and have problems with some larger weapons.
You are too small for most types of armour.
You have supernaturally acute eyesight. (SInv)
You are a herbivore.
You cover ground extremely quickly.
You need to consume almost no food.


Message History

You hit the jelly. The acid corrodes you!
Your hands burn!
The jelly is severely wounded.
The jelly misses you.
You hit the jelly.
Your hands burn!
The jelly is almost dead.
The jelly completely misses you.
You hit the jelly but do no damage.
Your hands burn!
The jelly is almost dead.
The jelly barely misses you.
You hit the jelly but do no damage. The acid corrodes you!
Your hands burn!
The jelly is almost dead.
The jelly closely misses you.
You hit the jelly but do no damage.
Your hands burn!
The jelly is almost dead.
You hit the jelly but do no damage.
Your hands burn!
The jelly is almost dead.
The jelly hits you.
* * * LOW HITPOINT WARNING * * *
You are splashed with acid!
You die...

###########
#.........#
#######.#######[#
#.......# #.#
#.#####.# #@# ##.#
#.# #J# ...# #.# #(#
#### #.#
#.########### #####
#.#######...........#
.....
#........(..###.....#
.....#
#.......8..._...8..#
.....#
.##?#......)%.$...#
.....# #
#..8.......8..#


You could see a jelly.

Vanquished Creatures
  An ogre (D:5)
  A centaur (D:5)
  A scorpion (D:5)
  A hound (D:5)
  An iguana (D:4)
  A worker ant (D:5)
  A worker ant zombie (D:5)
  4 gnolls (D:2)
  A howler monkey skeleton (D:4)
  7 adders
  An adder skeleton (D:4)
  A worm (D:2)
  A dart slug (D:2)
  3 leopard geckos
  8 orcs
  2 ball pythons
  10 bats
  2 giant cockroaches
  6 goblins
  7 hobgoblins
  7 jackals
  3 quokkas
  4 frilled lizards
  A jackal skeleton (D:4)
  3 kobolds
  A quokka zombie (D:5)
  10 rats
89 creatures vanquished.

Notes
Turn   | Place    | Note
-------+----------+-------------------------------------------
     0 | D:1      | MrRokkomies the Spriggan Assassin began the quest for the
                  | Orb.
     0 | D:1      | Reached XP level 1. HP: 10/10 MP: 2/2
   288 | D:1      | Reached skill level 6 in Stealth
   324 | D:1      | Reached XP level 2. HP: 11/14 MP: 3/3
   994 | D:2      | Reached XP level 3. HP: 17/18 MP: 4/4
  1252 | D:2      | Reached XP level 4. HP: 22/22 MP: 5/5
  1777 | D:2      | Found a blossoming altar of Fedhas.
  1881 | D:2      | Found a glowing golden altar of the Shining One.
  1890 | D:2      | Found a basalt altar of Yredelemnul.
  2139 | D:2      | Noticed an angel
  2323 | D:3      | Reached XP level 5. HP: 21/25 MP: 6/6
  3014 | D:4      | Found a radiant altar of Vehumet.
  3015 | D:4      | Found a sparkling altar of Nemelex Xobeh.
  3015 | D:4      | Found a shattered altar of Ashenzari.
  3185 | D:4      | Found a burning altar of Makhleb.
  3187 | D:4      | Noticed a balrug
  3221 | D:4      | Found a blossoming altar of Fedhas.
  3296 | D:4      | Reached skill level 7 in Stealth
  3403 | D:4      | Found an opulent altar of Gozag.
  3668 | D:5      | Entered Level 5 of the Dungeon
  3668 | D:5      | Noticed an ogre
  3682 | D:5      | Killed an ogre
  3682 | D:5      | Reached XP level 6. HP: 30/30 MP: 7/7
  3689 | D:5      | Reached skill level 5 in Short Blades
  4091 | D:5      | Found a hide-covered altar of Uskayaw.
  4126 | D:5      | Reached skill level 5 in Throwing
  4135 | D:5      | Splashed by a jelly's acid

Levels and vault maps discovered:
D:1:      psy_arrival_whirlpool, layout_loops_cross
D:2:      cheibrodos_old_hovel, layout_basic, grunt_temple_overflow_holy_war,
          chequers_avenue, fedhas_altar_4
D:3:      layout_basic, first_ration
D:4:      layout_loops_ring, lemuel_coloured_pillars_altar,
          lemuel_crystal_altar, makhleb_altar_promises_db,
          chequers_temple_overflow_statue_of_worship
D:5:      layout_loops_cross, eat_drink_and_be_merry_uskayaw

Skill      XL: |  1  2  3  4  5  6 |
---------------+-------------------+-----
Stealth        | 6 7 |  7.8
Short Blades   | 3 4 5 |  5.4
Throwing       | 3 4 5 |  5.0
Fighting       | |  1.5
Dodging        | |  1.5

Action                   |  1- 3 |  4- 6 || total
-------------------------+-------+-------++-------
Melee: Dagger            |    69 |   201 ||   270
Throw: Dart              |    13 |    32 ||    45
  Use: Scroll            |     3 |     9 ||    12
 Stab: Sleeping          |    11 |    23 ||    34
       Distracted        |       |     1 ||     1
Armor: Robe              |     9 |    19 ||    28
Dodge: Dodged            |    49 |   147 ||   196

Table legend:
 A = Non-vault XP
 B = Vault XP
 C = Vault XP percentage of total XP
 D = Non-vault monster count
 E = Vault monster count
 F = Vault count percentage of total count
                 A         B        C        D         E       F
            +---------+---------+-------+---------+---------+-------
      Total |     714 |      14 |   1.9 |      88 |       1 |   1.1
            +---------+---------+-------+---------+---------+-------
        D:1 |      32 |       0 |   0.0 |      18 |       0 |   0.0
        D:2 |     119 |      14 |  10.5 |      24 |       1 |   4.0
        D:3 |      63 |       0 |   0.0 |      29 |       0 |   0.0
        D:4 |     103 |       0 |   0.0 |      10 |       0 |   0.0
        D:5 |     397 |       0 |   0.0 |       7 |       0 |   0.0
            +---------+---------+-------+---------+---------+-------
